 Dungeon Crawl Stone Soup version 0.31.0-32-g396128a36d (webtiles) character file.

Game seed: 5462790830738396464

221 countageddon the Covered (level 5, -3/47 HPs)
             Began as a Hill Orc Fighter on Apr 14, 2024.
             Blown up by Ijyb (14 damage)
             ... with a mindburst bolt
             ... on level 4 of the Dungeon.
             The game lasted 00:11:28 (3389 turns).

countageddon the Covered (Hill Orc Fighter)         Turns: 3389, Time: 00:11:29

Health: -3/47      AC:  7    Str: 21    XL:     5   Next: 98%
Magic:  5/5        EV:  9    Int:  8    God:
Gold:   144        SH:  4    Dex: 10    Spells: 4/4 levels left

rFire   + . .        a - +0 war axe
rCold   x . .        c - +0 buckler
rNeg    . . .        b - +0 scale mail
rPois   .            (no helmet)
rElec   .            (no cloak)
rCorr   .            (no gloves)
SInv    .            (no boots)
Will    .....        (no amulet) Stlth
                     h - ring of fire
HPRegen 0.27/turn    (no ring)
MPRegen 0.09/turn

%: no passive effects
@: no status effects
A: no striking features
a: no special abilities


You were on level 4 of the Dungeon.
You visited 1 branch of the dungeon, and saw 4 of its levels.

You collected 144 gold pieces.

Inventory:

Hand Weapons
 a - a +0 war axe (weapon)
Armour
 b - a +0 scale mail (worn)
 c - a +0 buckler (worn)
Jewellery
 h - a ring of fire (left hand)
Scrolls
 f - 2 scrolls of fear {unknown}
 g - 2 scrolls of enchant armour {unknown}
 k - a scroll of immolation {unknown}
 p - 9 scrolls of identify {unknown}
 q - 2 scrolls of vulnerability {unknown}
 s - a scroll of revelation {unknown}
 u - a scroll of teleportation {unknown}
Potions
 d - a potion of might
 e - a potion of enlightenment {unknown}
 i - 2 potions of curing {unknown}
 j - 2 potions of cancellation {unknown}
 l - a potion of brilliance {unknown}
 m - 4 potions of attraction {unknown}
 n - a potion of ambrosia {unknown}
 o - 2 potions of mutation {unknown}
 r - a potion of heal wounds {unknown}
 t - a potion of resistance {unknown}


   Skills:
 + Level 4.3 Fighting
 + Level 4.9 Axes
 + Level 4.9 Armour
 + Level 0.9 Dodging
 + Level 0.4 Stealth
 + Level 4.0 Shields


You had 4 spell levels left.
You didn't know any spells.
Your spell library was empty.

Dungeon Overview and Level Annotations

Branches:
Dungeon (4/15)
 Temple: D:4-7

Altars:
Okawaru
Vehumet
Yredelemnul

Shops:
D:1 [   D:2 =

Annotations:
D:4 Duvessa, Ijyb


Message History

The orc shouts!
You hear a shout! x2
Ijyb the Twisted Goblin comes into view.
She is wielding a +0 dagger and carrying a wand of mindburst.
An orc comes into view. It is wielding a +0 whip.
The orc throws a boomerang.
The boomerang hits you but does no damage.
An orc comes into view. It is wielding a +0 short sword.
The orc hits you but does no damage.
You closely miss the orc.
Ijyb screams, "Get away!"
The orc hits you but does no damage. Ijyb attacks as she pursues you!
Ijyb hits you but does no damage.
Ijyb zaps a wand.
You barely resist. The orc attacks as it pursues you!
The orc hits you with a +0 dagger.
You hit the orc but do no damage. You closely miss Ijyb. You slash the orc!
You kill the orc!
Ijyb zaps a wand.
Your mind is blasted!
The orc closely misses you.
You hear a shout!
You slash the orc!
You kill the orc!
You hit Ijyb. You block Ijyb's attack.
Duvessa, Sister of Dowan comes into view.
She is wielding a +0 short sword.
Duvessa shouts!
You hear a shout! x2
Ijyb zaps a wand.
Your mind is blasted!
Things that are here:
a +0 short sword; a +0 ring mail; an orc corpse Ijyb hits you but does no damage.
Ijyb attacks as she pursues you! Ijyb hits you with a +0 dagger.
Items here: )) [[ †.
Duvessa says, "When magic and the sword combine, nothing stands against them."
Ijyb attacks as she pursues you! Ijyb barely misses you.
Things that are here:
a +0 flail; an orc corpse You hit Ijyb but do no damage.
Ijyb is moderately wounded.
Ijyb grins evilly.
Ijyb hits you with a +0 dagger.
Ijyb zaps a wand.
Your mind is blasted!
* * * LOW HITPOINT WARNING * * *
Ijyb zaps a wand.
Your mind is blasted!
You die...

#.# #.##.#.# 8...8#
#####.#####......#
....# .
...............#
..._# #
#.##.).......)#
..##
####.......#####e#
#..........# #g#
..## #.##...<...#
#.# ...._#
..##.###.#.# #.#
....# .....#
#.#.#####@# ...8#
###### #.#.......#
#8## #
#.....###...#######
# #.....#
#........# #
#.....# ###....###
# #.....# #....# #
#.....# ####.# #
####### ####.# #
#....#


You could see Duvessa and Ijyb.

Vanquished Creatures
  A bombardier beetle (D:3)
  2 orc priests (D:4)
  2 orc wizards
  2 adders
  2 dart slugs
  5 orcs
  8 ball pythons
  2 endoplasms (D:3)
  5 giant cockroaches
  3 goblins
  3 hobgoblins
  4 quokkas
  4 bats
  2 frilled lizards
  7 kobolds
  3 rats
55 creatures vanquished.

Notes
Turn   | Place    | Note
-------+----------+-------------------------------------------
     0 | D:1      | countageddon the Hill Orc Fighter began the quest for the
                  | Orb.
     0 | D:1      | Reached XP level 1. HP: 19/19 MP: 1/1
   268 | D:1      | Reached XP level 2. HP: 27/27 MP: 2/2
   425 | D:1      | Found Meurghij's Antique Armour Emporium.
  1309 | D:2      | Reached XP level 3. HP: 33/33 MP: 3/3
  1695 | D:2      | Reached XP level 4. HP: 6/40 MP: 4/4
  1836 | D:2      | Found the +1 Delatra's gloves {ID++}
  2022 | D:2      | Found Gicischu's Jewellery Emporium.
  2683 | D:3      | Reached XP level 5. HP: 46/46 MP: 5/5
  2726 | D:3      | Identified the +3 flail of Daoxtiaj {antimagic, rCorr Int+2
                  | Dex+3 SInv}
  3235 | D:4      | Found a basalt altar of Yredelemnul.
  3321 | D:4      | Found a radiant altar of Vehumet.
  3328 | D:4      | Found an iron altar of Okawaru.
  3354 | D:4      | Noticed Ijyb
  3377 | D:4      | Noticed Duvessa
  3389 | D:4      | Blown up by Ijyb

Illustrated notes

Levels and vault maps discovered:
D:1:      psy_arrival_conway, layout_basic, serial_co_window_serial,
          co_window_corner_a, co_window_paths_b, co_window_paths_a,
          co_window_paths_b, co_window_paths_a, co_window_broadway_c,
          co_window_corner_b, co_window_cross_3, glass_columns_b,
          glass_columns_b, glass_columns_c, glass_columns_a, serial_shops,
          nicolae_shop_competitors_out_of_business
D:2:      layout_loops_corners, serial_shops, nicolae_shop_gaudy_bauble,
          grunt_ministairs_6, palyth_stone_intersect, pf_guarded_unrand_delatra
D:3:      layout_rooms
D:4:      layout_loops_cross, nicolae_overflow_hidden_temple, kennysheep_mini,
          nicolae_shop_vocational, uniq_duvessa, uniq_ijyb,
          uniq_crazy_yiuf_cottage

Skill      XL: |  1  2  3  4  5 |
---------------+----------------+-----
Fighting       | 4 |  4.3
Axes           | 3 4 |  4.9
Armour         | 4 |  4.9
Shields        | 4 |  4.0
Dodging        | |  0.9
Stealth        | |  0.4

Action                     |  1- 3 |  4- 6 || total
---------------------------+-------+-------++-------
  Melee: War axe           |   108 |    97 ||   205
 Armour: Scale mail        |   106 |    74 ||   180
  Dodge: Dodged            |    43 |    54 ||    97
  Block: Buckler           |    13 |    22 ||    35
